 Dungeon Crawl Stone Soup version 0.17.0-23-g0de4337 (webtiles) character file.

3285 Kolbur the Cleaver (level 10, -5/63 HPs)
             Began as a Halfling Berserker on Nov 14, 2015.
             Was a Priest of Trog.
             Killed from afar by an orc (33 damage)
             ... with an exploding inner flame
             ... hexed by the player character
             ... on level 10 of the Dungeon.
             The game lasted 00:56:08 (2846 turns).

Kolbur the Cleaver (Halfling Berserker)             Turns: 2846, Time: 00:56:09

Health: -5/63      AC: 12    Str: 20    XL:     10   Next: 20%
Magic:  10/10      EV: 13    Int:  6    God:    Trog [***...]
Gold:   136        SH:  0    Dex: 15    Spells: 0 memorised, 9 levels left

rFire  . . .     SeeInvis .     a - +8 trident of the Octopus King {venom, rElec rPois MR+}
rCold  . . .     Clarity  .     D - +0 chain mail
rNeg   . . .     SustAt   .     (shield currently unavailable)
rPois  +         Gourm    .     (no helmet)
rElec  +         Spirit   .     (no cloak)
rCorr  .         Warding  .     (no gloves)
rMut   .         Stasis   .     v - +2 pair of boots
MR     +++..                    r - amulet of regeneration
Stlth  ..........               (no ring)
                                (no ring)

@: exhausted, very slightly contaminated, regenerating, slowed, drained,
invisible, very slow, extremely resistant to hostile enchantments, extremely
unstealthy
A: mutation resistance 1
a: Berserk, Trog's Hand, Burn Spellbooks, Renounce Religion


You were on level 10 of the Dungeon.
You worshipped Trog.
Trog was most pleased with you.
You were not hungry.

You visited 2 branches of the dungeon, and saw 11 of its levels.
You also visited: Ossuary.

You collected 260 gold pieces.
You spent 124 gold pieces at shops.

Inventory:

Hand Weapons
 a - the +8 trident of the Octopus King (weapon) {venom, rElec rPois MR+}
   (You found it on level 4 of the Dungeon)

   It poisons the flesh of those it strikes.
   It insulates you from electricity.
   It protects you from poison.
   It affects your resistance to hostile enchantments.
 b - a +0 hunting sling
 B - a +0 hand axe
 K - a +0 arbalest
Missiles
 d - 34 sling bullets
 f - 7 steel tomahawks (quivered)
 g - 13 tomahawks
 o - 18 poisoned needles
 q - 53 stones
 w - 4 needles of frenzy
 J - 6 curare-tipped needles
Armour
 v - a +2 pair of boots (worn)
 D - a +0 chain mail (worn)
Jewellery
 r - an amulet of regeneration (around neck)
Wands
 y - a wand of frost (18)
Scrolls
 i - 3 scrolls of recharging
 j - a scroll of noise
 k - 3 scrolls of identify
 u - a scroll of magic mapping {unknown}
 A - 2 scrolls of enchant weapon {unknown}
 E - 2 scrolls of remove curse {unknown}
 F - 2 scrolls of enchant armour
 G - a scroll of teleportation {unknown}
 I - a scroll of holy word {unknown}
Potions
 h - 2 potions of lignification
 m - a potion of heal wounds
 p - 2 potions of invisibility
 x - 4 potions of curing
 z - a potion of magic
 C - a potion of berserk rage
 H - 2 potions of flight
 N - a potion of mutation {unknown}
Books
 l - a Grand Grimoire

   Spells                             Type                      Level
   a - Monstrous Menagerie            Summoning                    6
   b - Summon Greater Demon           Summoning                    7
   c - Malign Gateway                 Summoning/Translocation      7
   d - Summon Horrible Things         Summoning                    8
   Trog disapproves of the use of such an item.
Comestibles
 c - a bread ration
 t - 6 fruits


   Skills:
 + Level 4.0(3.6) Fighting
 * Level 10.8(10.4) Axes
 - Level 5.0(4.7) Armour
 - Level 6.1(5.7) Dodging


You had 9 spell levels left.
You didn't know any spells.

Dungeon Overview and Level Annotations

Branches:
Dungeon (10/15)            Temple (1/1) D:4            Lair (0/8) D:10
    Orc: D:9-12

Altars:
Ashenzari
Cheibriados
Elyvilon
Fedhas
Gozag
Kikubaaqudgha
Makhleb
Nemelex Xobeh
Okawaru
Qazlal
Ru
Trog
Vehumet
Yredelemnul
Zin
The Shining One

Shops:
D:7 *

Annotations:
D:3 Ijyb


Innate Abilities, Weirdness & Mutations

You are small and have problems with some larger weapons.
You are somewhat resistant to further mutation.


Message History

The fiery explosion engulfs the orc.
The orc explodes!
The fiery explosion engulfs the orc priest.
The orc priest explodes!
The fiery explosion engulfs something.
Trog accepts your kill.
Trog appreciates your killing of a magic user.
Reactivating autopickup.
You feel a bit more experienced. Trog accepts your kill.
Your base Fighting skill increases to level 4!
The fiery explosion engulfs the warg.
The warg explodes!
The fiery explosion engulfs the warg.
The warg explodes!
The fiery explosion engulfs the orc.
The orc explodes!
The fiery explosion engulfs you!
Ouch! That really hurt!
You die...

..# ..# #. #.# . #. #.# ..
#. #.##### ... #. #.....#
.... #. #.....#........
.....#§######.....#........
>....§§§§§@.......#........
.....§§§§§§.......#........
..P..§§§§§§.......#........
....#......%......#........
... ######........#........
.. ... #..).....#........
!...###'######........
......................
............†.........


There were no monsters in sight!

Vanquished Creatures
  The ghost of Kolbur the Chopper, an amateur HaBe of Trog (Ossuary)
  The ghost of nht the Cudgeler, an amateur OgEn (D:4)
  A deep elf mage (D:9)
  A hippogriff (D:8)
  3 yaks (D:9)
  Edmund (D:5)
  A sky beast (D:7)
  Duvessa (D:6)
  2 black bears
  A necrophage (D:8)
  An orc warrior (D:8)
  An ice beast (D:10)
  An ogre (D:8)
  A phantom (D:8)
  2 centaurs
  A wyvern zombie (D:7)
  3 giant frogs
  Dowan (D:6)
  3 scorpions
  6 killer bees
  A crimson imp (D:6)
  A centaur skeleton (D:6)
  3 orc priests
  3 orc wizards
  3 mummies (Ossuary)
  7 adders
  A shadow imp (D:6)
  An adder zombie (D:5)
  A worm (D:3)
  3 giant geckos
  17 orcs
  A bat (D:3)
  2 giant cockroaches
  3 goblins
  3 hobgoblins
  7 jackals
  3 quokkas
  3 giant newts
  5 gnoll skeletons (Ossuary)
  A gnoll zombie (Ossuary)
  A goblin skeleton (Ossuary)
  7 goblin zombies (Ossuary)
  2 hobgoblin skeletons (Ossuary)
  A hobgoblin zombie (Ossuary)
  2 kobolds (D:3)
  2 kobold skeletons (Ossuary)
  A kobold zombie (Ossuary)
  3 orc skeletons (Ossuary)
  3 orc zombies (Ossuary)
  A quokka skeleton (D:5)
  4 rats
  A rat skeleton (Ossuary)
  2 rat zombies (Ossuary)
132 creatures vanquished.

Vanquished Creatures (others)
  Menkaure (Ossuary)
  2 gnoll skeletons (Ossuary)
  A goblin zombie (Ossuary)
  3 hobgoblin skeletons (Ossuary)
  3 hobgoblin zombies (Ossuary)
  2 kobold skeletons (Ossuary)
  2 kobold zombies (Ossuary)
  An orc skeleton (Ossuary)
  An orc zombie (Ossuary)
  3 rat skeletons (Ossuary)
  3 rat zombies (Ossuary)
22 creatures vanquished.

Grand Total: 154 creatures vanquished

Notes
Turn   | Place    | Note
--------------------------------------------------------------
     0 | D:1      | Kolbur the Halfling Berserker began the quest for the Orb.
     0 | D:1      | Reached XP level 1. HP: 15/15 MP: 1/1
    90 | D:2      | Reached skill level 3 in Axes
   121 | D:3      | Noticed an orc wizard
   126 | D:3      | Reached XP level 2. HP: 20/20 MP: 2/2
   131 | D:3      | Reached XP level 3. HP: 25/25 MP: 3/3
   142 | D:3      | Killed an orc wizard
   142 | D:3      | Reached skill level 4 in Axes
   142 | D:3      | Reached XP level 4. HP: 8/30 MP: 4/4
   255 | D:3      | Noticed Ijyb
   388 | D:3      | Reached ** piety under Trog
   427 | D:3      | Noticed a scorpion
   461 | D:3      | Killed a scorpion
   461 | D:3      | Reached skill level 5 in Axes
   461 | D:3      | Reached XP level 5. HP: 19/35 MP: 5/5
   827 | D:4      | Found a glowing golden altar of the Shining One.
   886 | D:4      | Found a staircase to the Ecumenical Temple.
   892 | D:4      | Noticed nht's ghost (amateur OgEn)
   908 | D:4      | Killed nht's ghost
   908 | D:4      | Reached skill level 6 in Axes
   908 | D:4      | Reached XP level 6. HP: 41/41 MP: 6/6
   921 | D:5      | Entered Level 5 of the Dungeon
   931 | Temple   | Entered the Ecumenical Temple
  1010 | D:4      | HP: 3/61 [orc priest/divine providence (9)]
  1162 | D:3      | Found a bloodstained altar of Trog.
  1243 | D:4      | Found an ancient bone altar of Kikubaaqudgha.
  1261 | D:4      | Reached XP level 7. HP: 45/45 MP: 7/7
  1350 | D:5      | Noticed Edmund
  1368 | D:5      | Killed Edmund
  1368 | D:5      | Reached skill level 7 in Axes
  1542 | D:6      | Reached XP level 8. HP: 52/52 MP: 8/8
  1566 | D:6      | Found a glowing silver altar of Zin.
  1665 | D:6      | Noticed Duvessa
  1665 | D:6      | Noticed Dowan
  1673 | D:6      | Killed Duvessa
  1673 | D:6      | Reached skill level 8 in Axes
  1677 | D:6      | Killed Dowan
  1880 | D:8      | Reached XP level 9. HP: 56/56 MP: 9/9
  1894 | D:8      | Reached skill level 9 in Axes
  1954 | D:7      | Reached skill level 5 in Dodging
  1978 | D:7      | Found Fomos's Assorted Antiques.
  1987 | D:7      | Bought a scroll of identify for 64 gold pieces
  1987 | D:7      | Bought a scroll labeled RATSIG BIERGHEO for 32 gold pieces
  1987 | D:7      | Bought a lumpy green potion for 28 gold pieces
  2009 | D:8      | Noticed a cyclops
  2100 | D:8      | Reached *** piety under Trog
  2251 | D:8      | Found a sand-covered staircase.
  2256 | Ossuary  | Entered an ossuary
  2399 | Ossuary  | Noticed Kolbur's ghost (amateur HaBe)
  2409 | Ossuary  | Killed Kolbur's ghost
  2409 | Ossuary  | Reached skill level 10 in Axes
  2518 | Ossuary  | Killed Menkaure
  2569 | D:9      | Reached skill level 5 in Armour
  2577 | D:9      | Reached XP level 10. HP: 63/63 MP: 10/10
  2617 | D:10     | Entered Level 10 of the Dungeon
  2835 | D:10     | Found a staircase to the Lair.
  2846 | D:10     | Killed from afar by an orc

Action                   |  1- 3 |  4- 6 |  7- 9 | 10-12 || total
-------------------------+-------+-------+-------+-------++-------
Melee: Hand axe          |    34 |    99 |    43 |       ||   176
       Trident           |       |       |   180 |    26 ||   206
 Fire: Hunting sling     |       |    10 |       |       ||    10
Throw: Tomahawk          |     1 |       |    18 |     2 ||    21
Invok: Berserk           |     1 |     6 |    10 |     2 ||    19
       Trog's Hand       |       |     3 |     1 |     1 ||     5
Evoke: Wand              |       |     3 |       |       ||     3
  Use: Scroll            |       |     3 |     6 |     7 ||    16
       Potion            |       |       |       |     4 ||     4
  Eat: Chunk             |       |     8 |     8 |     3 ||    19
       Fruit             |       |     1 |     3 |       ||     4
       Bread ration      |       |       |     1 |       ||     1
       Pizza             |       |       |       |     1 ||     1

Vault maps used:
D:1:      ldierk_water_garden, minmay_misc_feat_chi
D:2:      lemuel_round_altar, uniq_natasha
D:3:      lightli_temple_of_fire, uniq_iyjb
D:4:      tso_metal_star, kennysheep_little_box,
          minmay_temple_entry_statues_pillars, serial_shops, nicolae_shop_stone
D:5:      overflow_temple_1_default, first_bread, serial_shops, kennysheep_mini,
          uniq_edmund
D:6:      lemuel_crystal_altar, uniq_duvessa
D:7:      serial_shops, nicolae_shop_overgrown_old_shop
D:8:      nicolae_ossuary_entry_false_entrances
D:9:      lemuel_doored_altar, orc_0_dummy
D:10:     erik_lair_orcish_takeover, the_bakery, minmay_misc_feat_square
Temple:   temple_eino_lava_12
Ossuary:  ossuary_due_pyramid

Table legend:
 A = Turns spent in this place as a percentage of turns spent in the entire game.
 B = Non-inter-level travel turns spent in this place as a percentage of non-inter-level travel turns spent in the entire game.
 C = Inter-level travel turns spent in this place as a percentage of turns spent in this place.
 D = Turns resting spent in this place as a percentage of non-inter-level travel turns spent in this place.
 E = Turns spent auto-exploring this place as a percentage of non-inter-level travel turns spent in this place.
 F = Non-inter-level travel turns spent in this place divided by the number of levels of this place that you've seen.
                   A       B       C       D       E      F
               +-------+-------+-------+-------+-------+----------------------
         Total | 100.0 | 100.0 |   0.2 |   0.1 |   0.0 | 216.9
       Dungeon |  87.2 |  87.2 |   0.3 |   0.1 |   0.0 | 226.9
        Temple |   2.9 |   2.9 |   0.0 |   0.0 |   0.0 |  75.0
       Ossuary |   9.9 |  10.0 |   0.0 |   0.0 |   0.0 | 259.0
               +-------+-------+-------+-------+-------+----------------------
